 Dungeon Crawl Stone Soup version 0.18-a0-902-g8738618 (webtiles) character file.

115 Jmtri7 the Vandal (level 5, -10/41 HPs)
             Began as a Formicid Hunter on Dec 24, 2015.
             Mangled by Prince Ribbit (17 damage)
             ... on level 6 of the Dungeon.
             The game lasted 00:11:11 (1781 turns).

Jmtri7 the Vandal (Formicid Hunter)                 Turns: 1781, Time: 00:11:11

Health: -10/41     AC:  7    Str: 17    XL:     5   Next: 20%
Magic:  5/5        EV: 10    Int: 11    God:
Gold:   100        SH:  0    Dex: 11    Spells: 0 memorised, 4 levels left

rFire  . . .     SeeInvis +     a - +1 hunting sling
rCold  . . .     Gourm    .     q - +0 scale mail
rNeg   . . .     Faith    .     (no shield)
rPois  .         Spirit   .     (helmet unavailable)
rElec  .         Dismiss  .     k - +0 cloak
rCorr  .         Reflect  .     (no gloves)
SustAt .         Harm     .     (no boots)
MR     .....                    (no amulet)
Stlth  +.........               (no ring)
                                (no ring)

@: not resistant to hostile enchantments, very unstealthy
A: permanent stasis, dig shafts and tunnels, four strong arms, antennae 3
a: Dig, Shaft Self


You were on level 6 of the Dungeon.
You were hungry.

You visited 1 branch of the dungeon, and saw 4 of its levels.

You collected 100 gold pieces.

Inventory:

Hand Weapons
 a - a +1 hunting sling (weapon)
 m - a +1 dagger of venom
Missiles
 d - 3 sling bullets (quivered)
 e - 10 silver sling bullets
 g - 46 stones
 l - 18 arrows
Armour
 k - a +0 cloak (worn)
 q - a +0 scale mail (worn)
Scrolls
 b - 3 scrolls of identify
Potions
 h - a potion of cancellation {unknown}
 j - a potion of agility {unknown}
 o - a potion of lignification {unknown}
 p - 2 potions of brilliance {unknown}
Comestibles
 f - a bread ration
 i - a meat ration
 n - a slice of pizza


   Skills:
 * Level 3.6 Fighting
 + Level 4.9 Slings
 - Level 1.7 Dodging
 * Level 4.1 Stealth


You had 4 spell levels left.
You didn't know any spells.

Dungeon Overview and Level Annotations

Branches:
Dungeon (2/15)

Altars:

Annotations:
D:3 Grinder
D:6 Prince Ribbit


Innate Abilities, Weirdness & Mutations

You are under a permanent stasis effect.
You can dig through walls and to a lower floor.
Your four strong arms can wield two-handed weapons with a shield.
You have a pair of large antennae on your head (SInv).


Message History

The sling bullet closely misses Prince Ribbit.
Prince Ribbit hits you.
Prince Ribbit blinks!
Firing (i - inventory. (,) - cycle):
d - 5 sling bullets (quivered)
Press: ? - help, Shift-Dir - straight line, f/p - Prince Ribbit
Aim: Prince Ribbit (lightly wounded)
You shoot a sling bullet.
The sling bullet closely misses Prince Ribbit.
Prince Ribbit misses you.
Firing (i - inventory. (,) - cycle):
d - 4 sling bullets (quivered)
Press: ? - help, Shift-Dir - straight line, f/p - Prince Ribbit
Aim: Prince Ribbit (lightly wounded)
You shoot a sling bullet.
The sling bullet completely misses Prince Ribbit.
Prince Ribbit hits you!
* * * LOW HITPOINT WARNING * * *
Are you sure you want to shaft yourself?
You feel somewhat more hungry.
Prince Ribbit lets out a mournful croak.
Prince Ribbit hits you!
You die...

#.#.......+...>...#
#.#.......# #.....+
#.#.......# #.....#
#.#.......###.....#
#....<..†.........+
#############.....#
### { #.....# . ..#
{ #....F##.... ..#
#...@....... ..#
#.....(..... ..# {
#.....(..... ###
######.(.... ......
##.... .... ..(


You could see Prince Ribbit.

Vanquished Creatures
  A crimson imp (D:6)
  2 adders
  2 oozes
  An adder skeleton (D:6)
  A worm (D:2)
  2 giant geckos
  2 goblins (D:1)
  8 hobgoblins
  2 jackals (D:2)
  A quokka (D:2)
  2 bats
  4 giant cockroaches
  2 giant newts
  7 kobolds
  8 rats
45 creatures vanquished.

Notes
Turn   | Place    | Note
--------------------------------------------------------------
     0 | D:1      | Jmtri7 the Formicid Hunter began the quest for the Orb.
     0 | D:1      | Reached XP level 1. HP: 16/16 MP: 1/1
   228 | D:1      | Reached XP level 2. HP: 23/23 MP: 2/2
   579 | D:1      | Reached XP level 3. HP: 18/28 MP: 3/3
   676 | D:1      | You fall through a shaft!
   813 | D:2      | Reached XP level 4. HP: 27/35 MP: 4/4
  1314 | D:2      | You fall through a shaft!
  1314 | D:3      | Noticed Grinder
  1327 | D:3      | HP: 1/35 [orc/war axe of electrocution (2)]
  1328 | D:3      | You fall through a shaft for 3 floors!
  1763 | D:6      | Reached XP level 5. HP: 36/41 MP: 5/5
  1771 | D:6      | Noticed Prince Ribbit
  1781 | D:6      | Mangled by Prince Ribbit

Vault maps used:
D:1:      minmay_arrival_arboretum_small
D:3:      first_bread, uniq_grinder
D:6:      serial_shops, nicolae_shop_behind_doors, uniq_edmund, uniq_eustachio,
          uniq_blork_the_orc, uniq_prince_ribbit1

Action                   |  1- 3 |  4- 6 || total
-------------------------+-------+-------++-------
 Fire: Hunting sling     |    88 |    82 ||   170
 Abil: Dig               |     9 |     3 ||    12
       Shaft Self        |     1 |     3 ||     4
  Use: Scroll            |     2 |     1 ||     3
  Eat: Bread ration      |       |     1 ||     1
